 Seeded DCSS version 0.30.1-9-gdf580d7c3d (webtiles) character file.

Game seed: 3287810464016871351 (custom seed)

726 Psyclone the Stinger (level 7, -6/85 HPs)
             Began as a Deep Elf Venom Mage on Sept 27, 2023.
             Mangled by Menkaure (14 damage)
             ... on level 5 of the Dungeon.
             The game lasted 00:21:08 (6325 turns).

Psyclone the Stinger (Deep Elf Venom Mage)          Turns: 6325, Time: 00:21:09

Health: -6/85      AC: 23    Str:  5    XL:     7   Next: 44%
Magic:  16/27      EV:  2    Int: 22    God:
Gold:   178        SH:  0    Dex: 15    Spells: 7/18 levels left

rFire   . . .        b - +2 dagger (venom)
rCold   . . .        (no shield)
rNeg    . . .        r - melded +0 robe
rPois   +            u - melded +0 helmet
rElec   .            C - melded +1 cloak {Stlth+}
rCorr   .            (gloves currently unavailable)
SInv    .            m - melded +0 pair of boots
Will    .....        p - amulet of regeneration Stlth
                     A - ring of magical power
HPRegen 1.14/turn    (no ring)
MPRegen 0.20/turn

%: no passive effects
@: mighty, berserking, tree-form, attractive, very slightly contaminated, very
quick
A: stationary, stasis, torment immunity, boosted hp
a: no special abilities


You were on level 5 of the Dungeon.
You were a tree.
You visited 2 branches of the dungeon, and saw 6 of its levels.

You collected 178 gold pieces.

Inventory:

Hand Weapons
 a - a +2 dagger of speed
 b - a +2 dagger of venom (weapon)
Missiles
 x - 4 poisoned darts
Armour
 m - a +0 pair of boots (melded)
 r - a +0 robe (melded)
 u - a +0 helmet (melded)
 C - a +1 cloak of stealth (melded)
Magical Staves
 v - a staff of cold
Jewellery
 p - an amulet of regeneration (around neck)
 s - an amulet of faith
 A - a ring of magical power (left branch)
Scrolls
 c - a scroll of vulnerability {unknown}
 d - 2 scrolls of enchant armour {unknown}
 e - a scroll of teleportation {unknown}
 h - 3 scrolls of identify {@r1}
 j - 2 scrolls of silence {unknown}
 k - a scroll of magic mapping {unknown}
 l - a scroll of noise {unknown}
 n - a scroll of enchant weapon {unknown}
 t - a scroll of fog {unknown}
 w - a scroll of poison {unknown}
 y - a scroll of immolation {unknown}
 z - a scroll of brand weapon
Potions
 g - a potion of magic
 i - 2 potions of might
 q - 3 potions of flight


   Skills:
 + Level 1.1 Fighting
 - Level 2.4 Dodging
 - Level 2.4 Stealth
 - Level 6.0 Spellcasting
 - Level 4.0 Transmutations
 - Level 4.0 Fire Magic
 - Level 6.0 Poison Magic


You had 7 spell levels left.
You knew the following spells:

 Your Spells              Type           Power      Damage    Failure   Level
a - Poisonous Vapours     Pois/Air       38%        N/A       4%          2
d - Mephitic Cloud        Conj/Pois/Air  15%        N/A       12%         3
q - Blink                 Tloc           12%        N/A       14%         2
s - Ignite Poison         Fire/Tmut/Pois 27%        N/A       4%          3
v - Sting                 Tmut/Pois      100%       1d8       1%          1

Your spell library contained the following spells:

 Spells                   Type           Power      Damage    Failure   Level
 Cigotuvi's Dreadful Rot  Necr/Pois/Air  30%        N/A       6%          2
 Olgreb's Toxic Radiance  Pois           33%        N/A       8%          4
 Volatile Blastmotes      Fire/Tloc      30%        2d12      12%         3
 Lesser Beckoning         Tloc           12%        N/A       14%         2
 Momentum Strike          Conj/Tloc      12%        3d8       14%         2
 Dazzling Flash           Conj/Hex       12%        N/A       26%         3
 Iskenderun's Mystic Bla  Conj/Tloc      6%         2d4       65%         4
 Freezing Cloud           Conj/Ice/Air   3%         6-21      94%         5
 Starburst                Conj/Fire      7%         6d4       99%         6


Dungeon Overview and Level Annotations

Branches:
Dungeon (5/15) Zot: 23698  Temple (1/1) D:5 Zot: 5982

Altars:
Ashenzari
Cheibriados
Dithmenos
Fedhas
Gozag
Hepliaklqana
Kikubaaqudgha
Makhleb
Nemelex Xobeh
Qazlal
Ru
Trog
Wu Jian
Yredelemnul
The Shining One

Shops:
D:2 [

Annotations:
D:2 exclusions: 2 downstairs and 1 more exclusion
D:5 Menkaure


Message History

The ice beast is engulfed in blazing flames.
You kill the ice beast!
Menkaure, Prince of Dust comes into view.
Training target 6.0 for Spellcasting reached!
Your Spellcasting skill increases to level 6!
You need to enable at least one skill for training.
Your Fighting skill increases to level 1!
It was a potion of attraction.
You feel attractive to monsters. Menkaure is attracted toward you.
Casting: Ignite Poison (dangerous; 4% risk of failure)
Confirm with . or Enter, or press ? or * to list all spells.
Okay, then.
It was a potion of might.
You feel very mighty all of a sudden. Menkaure is attracted toward you.
A red film seems to cover your vision as you go berserk!
You feel yourself moving faster!
You feel mighty! Menkaure hits you.
* * * LOW HITPOINT WARNING * * *
You now have 12/85 hp.
You puncture Menkaure!
Menkaure is heavily damaged.
You completely miss Menkaure.
Menkaure is heavily damaged.
Menkaure hits you but does no damage.
You hit Menkaure.
Menkaure is severely damaged.
You barely miss Menkaure.
Menkaure is severely damaged.
Menkaure casts a spell.
Menkaure seems to speed up.
You hit Menkaure.
Menkaure is almost destroyed.
Menkaure hits you!
* * * LOW HITPOINT WARNING * * *
You take 8 damage, and have 7/85 hp.
You barely miss Menkaure.
Menkaure is almost destroyed.
Menkaure hits you!
You die...

## .# ...#.#
.##..... ...#.#.##
###. ###.#..#
#...###.(.##.## ###
..#........#..##....
....##..M..##...#
#..#..♣..../#
##.##...###...#
##.[#.###....##
#...#.#...#....
#.#......##.####
.###.##.##.#.......
.........#...###...
####.###.###.# ... #
#.# ...


You could see Menkaure (fast).

Vanquished Creatures
  An ice beast (D:5)
  An ogre (D:4)
  2 scorpions (D:4)
  A jelly (D:4)
  An orc priest (D:4)
  Crazy Yiuf (D:5)
  A sleepcap (D:4)
  A hound (D:4)
  An iguana (D:4)
  3 orc wizards (D:4)
  Robin (D:3)
  3 gnolls
  5 adders
  2 dart slugs
  7 orcs
  6 bats
  5 endoplasms
  2 giant cockroaches
  13 goblins
  10 hobgoblins
  4 jackals (D:4)
  3 quokkas
  8 ball pythons
  4 frilled lizards
  5 kobolds
  3 rats
94 creatures vanquished.

Notes
Turn   | Place    | Note
-------+----------+-------------------------------------------
     0 | D:1      | Psyclone the Deep Elf Venom Mage began the quest for the
                  | Orb.
     0 | D:1      | Reached XP level 1. HP: 10/10 MP: 6/6
   420 | D:1      | Reached XP level 2. HP: 15/15 MP: 6/8
   987 | D:2      | Reached skill level 1 in Fire Magic
  1074 | D:2      | Found Exuhan's Antique Armour Emporium.
  1180 | D:2      | Learned a level 2 spell: Poisonous Vapours
  1370 | D:2      | Found a faded altar of an unknown god.
  1453 | D:2      | Reached XP level 3. HP: 19/19 MP: 0/10
  1636 | D:2      | Learned a level 3 spell: Ignite Poison
  1640 | D:2      | Learned a level 3 spell: Mephitic Cloud
  2536 | D:3      | Noticed Robin
  2544 | D:3      | Killed Robin
  2843 | D:3      | Reached XP level 4. HP: 24/24 MP: 0/11
  3109 | D:3      | Learned a level 2 spell: Blink
  3914 | D:4      | Noticed an ogre
  3922 | D:4      | Killed an ogre
  3923 | D:4      | Reached XP level 5. HP: 28/28 MP: 2/13
  4369 | D:4      | Reached XP level 6. HP: 32/32 MP: 11/14
  4693 | D:4      | Reached skill level 5 in Poison Magic
  5651 | D:4      | Reached XP level 7. HP: 36/36 MP: 15/15
  5865 | D:4      | Reached skill level 5 in Spellcasting
  6126 | D:5      | Entered Level 5 of the Dungeon
  6163 | D:5      | Found a runed translucent door.
  6164 | D:5      | Noticed Crazy Yiuf
  6171 | D:5      | Killed Crazy Yiuf
  6274 | D:5      | Found a staircase to the Ecumenical Temple.
  6282 | Temple   | Entered the Ecumenical Temple
  6316 | D:5      | Noticed Menkaure
  6317 | D:5      | Reached skill level 1 in Fighting
  6325 | D:5      | Mangled by Menkaure

Illustrated notes

Levels and vault maps discovered:
D:1:      minmay_arrival_four_houses, layout_basic
D:2:      layout_rooms, serial_shops, nicolae_shop_overgrown_old_shop,
          basic_ecumenical_altar, grunt_decor_clamped, hangedman_feature_mirror
D:3:      layout_rooms, chequers_serial_rivers_room_a, uniq_robin
D:4:      layout_basic, serial_co_window_serial, co_window_corner_a,
          co_window_corner_a, co_window_corner_a, co_window_corner_a,
          co_window_paths_a, co_window_of_opportunity_b, co_window_broadway_b,
          co_window_broadway_a, co_window_2corner, co_window_broadway_a,
          co_window_paths_d, co_window_4corner_a, glass_columns_a,
          glass_columns_a, glass_columns_b, glass_columns_a, glass_columns_a,
          minmay_bisected
D:5:      layout_loops_corners, minmay_temple_entry_slanted, lightli_minifort,
          uniq_crazy_yiuf_cottage, uniq_menkaure
Temple:   nicolae_temple_no_exploring_needed

Skill      XL: |  1  2  3  4  5  6  7 |
---------------+----------------------+-----
Fire Magic     | 1 3 4 |  4.0
Transmutations | 2 3 4 |  4.0
Spellcasting   | 4 6 |  6.0
Poison Magic   | 4 6 |  6.0
Fighting       | 1 |  1.1
Dodging        | |  2.4
Stealth        | |  2.4

Action                     |  1- 3 |  4- 6 |  7- 9 || total
---------------------------+-------+-------+-------++-------
  Melee: Unarmed           |     1 |       |       ||     1
         Staff             |    20 |       |       ||    20
         Dagger            |     7 |    42 |     7 ||    56
   Cast: Sting             |    37 |     5 |       ||    42
         Poisonous Vapours |    47 |    74 |     9 ||   130
         Ignite Poison     |       |     8 |     4 ||    12
         Mephitic Cloud    |       |     2 |     1 ||     3
    Use: Potion            |     1 |       |     4 ||     5
         Scroll            |       |     3 |       ||     3
   Stab: Sleeping          |       |     1 |       ||     1
 Armour: Robe              |    12 |    13 |     1 ||    26
         Skin              |       |       |     4 ||     4
  Dodge: Dodged            |    45 |    29 |     3 ||    77
